 Dungeon Crawl Stone Soup version 0.29-a0-275-g389c0b56f3 (webtiles) character file.

Game seed: 14258615645010451108

255 esteth the Magician (level 6, -6/46 HPs)
             Began as a Djinni Conjurer on Mar 11, 2022.
             Mangled by Sigmund
             ... wielding a +0 scythe
              (12 damage)
             ... on level 3 of the Dungeon.
             The game lasted 00:03:55 (4093 turns).

esteth the Magician (Djinni Conjurer)               Turns: 4093, Time: 00:03:56

Health: -6/46      AC:  2    Str:  6    XL:     6   Next: 38%
Gold:   113        EV: 12    Int: 22    God:
                   SH:  5    Dex: 11

rFire   + + .      SeeInvis .   m - +3 quarterstaff (chaos)
rCold   x . .      Faith    .   (shield currently unavailable)
rNeg    . . .      Spirit   .   a - +0 robe
rPois   ∞          Reflect  +   (no helmet)
rElec   .          Harm     .   (no cloak)
rCorr   .          Rampage  .   (no gloves)
Will    .....                   (boots unavailable)
Stlth   ++........              d - amulet of reflection
HPRegen 0.15/turn               (no ring)
MPRegen 0.00/turn               (no ring)

@: flying
A: sickness immunity, fire resistance 2, cold vulnerability 1, float, innate
caster, HP casting, extra vitality 1
a: no special abilities


You were on level 3 of the Dungeon.
You visited 1 branch of the dungeon, and saw 3 of its levels.

You collected 113 gold pieces.


Innate Abilities, Weirdness & Mutations

You are immune to sickness and miasma.
You are immune to poison.
Your flesh is very heat resistant. (rF++)
You are vulnerable to cold. (rC-)
You float through the air rather than walking.
You learn spells naturally, not from books.
Your magical power is your life essence.
You have superior vitality. (+4 MHP)


   Skills:
 + Level 3.1 Fighting
 - Level 2.1 Dodging
 - Level 1.5 Stealth
 * Level 5.0 Spellcasting


You couldn't memorise any spells.
You knew the following spells:

 Your Spells              Type           Power      Damage    Failure   Level
a - Animate Skeleton      Necr           54%        N/A       1%          1
d - Dazzling Flash        Conj/Hex       54%        N/A       3%          3
e - Ensorcelled Hibernat  Hex/Ice        54%        N/A       1%          2
f - Fulminant Prism       Conj/Hex       13%        3d9       13%         4
i - Iskenderun's Mystic   Conj/Tloc      27%        2d7       13%         4
m - Magic Dart            Conj           100%       1d8       1%          1
s - Searing Ray           Conj           54%        2d6       1%          2
Your spell library was empty.

Inventory:

Hand Weapons
 m - a +3 quarterstaff of chaos (weapon)
   (You took it off Crazy Yiuf on level 2 of the Dungeon)
Missiles
 h - 103 stones
 n - a boomerang
Armour
 a - a +0 robe (worn)
 g - a +0 ring mail
   (You found it on level 2 of the Dungeon)
 l - a +0 cloak
   (You took it off Crazy Yiuf on level 2 of the Dungeon)
 p - a +0 robe
   (You took it off Jessica on level 3 of the Dungeon)
 s - a +0 leather armour
   (You took it off Ijyb on level 3 of the Dungeon)
Jewellery
 d - an amulet of reflection (around neck)
   (You found it on level 1 of the Dungeon)
 F - a ring of fire
   (You found it on level 1 of the Dungeon)
Wands
 j - a wand of paralysis (4)
   (You found it on level 2 of the Dungeon)
 t - a wand of polymorph (8)
   (You took it off Ijyb on level 3 of the Dungeon)
Scrolls
 c - a scroll of magic mapping {unknown}
 f - 3 scrolls of teleportation {unknown}
 i - a scroll of noise {unknown}
 k - a scroll of silence {unknown}
 q - a scroll of identify {unknown}
 r - a scroll of blinking {unknown}
Potions
 b - a potion of lignification {unknown}
 e - a potion of heal wounds {unknown}
 o - a potion of brilliance {unknown}

Dungeon Overview and Level Annotations

Branches:
Dungeon (3/15)

Altars:
Gozag
Sif Muna

Shops:
D:1 !

Annotations:
D:3 Sigmund

#.# #.# #.# #.#
###.##### ##.##
#.......# ##...##
#.#.###># #.....#
#.#.###.#####...##
#.#........###.####
#.#####.#..........
#.@{!...##.###.##..
######### #.##..
#.##.. #.##..
#.##.. #.###.
#####.###.
#.....##..
######.###.##..


There were no monsters in sight!


Message History

😎 HP[+15]
Your hp is fully restored (46).
s - a +0 leather armour;
t - a wand of polymorph (8)
Things that are here:
a +0 club; the goblin corpse of Ijyb
There is an open door here.
There is an open door here.
There is an open door here.
Found a stone staircase leading down.
Sigmund the Dreaded comes into view.
He is wielding a +0 scythe.
Casting: Magic Dart (safe; 1% risk of failure)
Confirm with . or Enter, or press ? or * to list all spells.
Aiming: Magic Dart (safe; 1% risk of failure)
Press: ? - help, Shift-Dir - straight line, f - Sigmund
Aim: Sigmund, wielding a +0 scythe and wearing a +0 robe (asleep, 100% to hit)
The magic dart hits Sigmund.
Sigmund shouts! 😕 HP[-1]
You take 1 damage, and now have 45/46 hp.
Casting: Magic Dart (safe; 1% risk of failure)
Confirm with . or Enter, or press ? or * to list all spells.
Aiming: Magic Dart (safe; 1% risk of failure)
Press: ? - help, Shift-Dir - straight line, f/p - Sigmund
Aim: Sigmund, wielding a +0 scythe and wearing a +0 robe (lightly wounded, 100% to hit)
The magic dart hits Sigmund!
Casting: Magic Dart (safe; 1% risk of failure)
Confirm with . or Enter, or press ? or * to list all spells.
Aiming: Magic Dart (safe; 1% risk of failure)
Press: ? - help, Shift-Dir - straight line, f/p - Sigmund
Aim: Sigmund, wielding a +0 scythe and wearing a +0 robe (moderately wounded, 100% to hit)
The magic dart hits Sigmund!
You block Sigmund's attack. 😕 HP[-1]
You take 1 damage, and now have 44/46 hp.
Casting: Magic Dart (safe; 1% risk of failure)
Confirm with . or Enter, or press ? or * to list all spells.
Aiming: Magic Dart (safe; 1% risk of failure)
Press: ? - help, Shift-Dir - straight line, f/p - Sigmund
Aim: Sigmund, wielding a +0 scythe and wearing a +0 robe (heavily wounded, 100% to hit)
The magic dart hits Sigmund.
Sigmund closely misses you. 😕 HP[-1]
You take 1 damage, and now have 43/46 hp.
Casting: Magic Dart (safe; 1% risk of failure)
Confirm with . or Enter, or press ? or * to list all spells.
Aiming: Magic Dart (safe; 1% risk of failure)
Press: ? - help, Shift-Dir - straight line, f/p - Sigmund
Aim: Sigmund, wielding a +0 scythe and wearing a +0 robe (severely wounded, 100% to hit)
The magic dart hits Sigmund. 😕 HP[-1]
You take 1 damage, and now have 42/46 hp.
Casting: Magic Dart (safe; 1% risk of failure)
Confirm with . or Enter, or press ? or * to list all spells.
Aiming: Magic Dart (safe; 1% risk of failure)
Press: ? - help, Shift-Dir - straight line, f/p - Sigmund
Aim: Sigmund, wielding a +0 scythe and wearing a +0 robe (almost dead, 100% to hit)
The magic dart hits Sigmund.
Sigmund gestures wildly while chanting.
Sigmund flickers and vanishes!
Deactivating autopickup; reactivate with Ctrl-A. 😕 HP[-1]
You take 1 damage, and now have 41/46 hp.
Something hits you. 😕 HP[-1]
You take 1 damage, and now have 40/46 hp.
You closely miss something.
You hear some strange, mumbled words.
Something tries to affect you, but you resist. 😕 HP[+1]
You miss something.
You hear some strange, mumbled words.
A magic dart appears from out of thin air!
The magic dart hits you. 😕 HP[-6]
You take 6 damage, and now have 35/46 hp.
You closely miss something. You block something's attack.
You hit something.
You hear some strange, mumbled words.
A magic dart appears from out of thin air!
The magic dart hits you!
Something hits you but does no damage. 😮 HP[-9]
You take 9 damage, and now have 26/46 hp.
You closely miss something. You closely miss something. Something hits you!
* * * LOW HITPOINT WARNING * * *
😨 HP[-10]
You take 10 damage, and now have 16/46 hp.
MASSIVE DAMAGE!! (PAUSE)
You closely miss something. You block something's attack.
You closely miss something. Something hits you.
* * * LOW HITPOINT WARNING * * *
😨 HP[-3]
You take 3 damage, and now have 13/46 hp.
You hit something.
Nothing appears to happen.
You hear some strange, mumbled words.
A magic dart appears from out of thin air!
The magic dart hits you!
* * * LOW HITPOINT WARNING * * *
😱 HP[-7]
You take 7 damage, and now have 6/46 hp.
You completely miss something. Something hits you!
You die...

Skill      XL: |  1  2  3  4  5  6 |
---------------+-------------------+-----
Fighting       | 1 2 3 |  3.1
Spellcasting   | 4 5 |  5.0
Dodging        | |  2.1
Stealth        | |  1.5

Action                   |  1- 3 |  4- 6 || total
-------------------------+-------+-------++-------
Melee: Quarterstaff      |       |    30 ||    30
       Unarmed           |       |     2 ||     2
 Cast: Magic Dart        |    58 |    92 ||   150
       Animate Skeleton  |       |     1 ||     1
 Stab: Sleeping          |       |     1 ||     1
Armor: Robe              |       |     4 ||     4
Dodge: Dodged            |     6 |    14 ||    20
Block: Other             |     2 |    14 ||    16
       Reflection        |       |     1 ||     1

Levels and vault maps discovered:
D:1:      shiori_arrival_elements, layout_basic,
          hellmonk_ecumenical_altar_heavens_door, serial_shops, shop
D:2:      layout_basic, uniq_natasha, uniq_crazy_yiuf_cottage
D:3:      layout_loops_corners, mainiacjoe_overflow_24_doors,
          mainiacjoe_overflow_chevrons, nicolae_figureground_sparkle, uniq_ijyb,
          uniq_jessica, uniq_sigmund

Notes
Turn   | Place    | Note
-------+----------+-------------------------------------------
     0 | D:1      | esteth the Djinni Conjurer began the quest for the Orb.
     0 | D:1      | Reached XP level 1. HP: 15/15 MP: 0/0
     0 | D:1      | magus.rc [v1.11.3]
    74 | D:1      | Found Beniof's Distillery.
   233 | D:1      | Reached XP level 2. HP: 19/22 MP: 0/0
   526 | D:1      | Found a faded altar of an unknown god.
   903 | D:1      | Reached skill level 1 in Fighting
  1373 | D:2      | Reached XP level 3. HP: 9/27 MP: 0/0
  1373 | D:2      | Learned a level 1 spell: Animate Skeleton
  1883 | D:2      | Reached XP level 4. HP: 28/32 MP: 0/0
  1892 | D:2      | Reached skill level 4 in Spellcasting
  2437 | D:2      | Noticed Natasha
  2441 | D:2      | Killed Natasha
  2442 | D:2      | Reached skill level 2 in Fighting
  2442 | D:2      | Reached XP level 5. HP: 34/38 MP: 0/0
  2442 | D:2      | Learned a level 2 spell: Ensorcelled Hibernation
  2838 | D:2      | Found a runed translucent door.
  2839 | D:2      | Noticed Crazy Yiuf
  2846 | D:2      | Killed Crazy Yiuf
  3070 | D:3      | HP: 7/39 [gnoll/+0 club (3)]
  3072 | D:3      | HP: 2/39 [gnoll/+0 club (3)]
  3481 | D:3      | Reached XP level 6. HP: 45/45 MP: 0/0
  3519 | D:3      | Noticed Jessica
  3522 | D:3      | Killed Jessica
  3693 | D:3      | Reached skill level 3 in Fighting
  3857 | D:3      | Found an opulent altar of Gozag.
  3907 | D:3      | Noticed Ijyb
  3921 | D:3      | Killed Ijyb
  3922 | D:3      | Reached skill level 5 in Spellcasting
  4076 | D:3      | Noticed Sigmund
  4092 | D:3      | HP: 6/46 [something/magic dart (7)]
  4093 | D:3      | Mangled by Sigmund

Vanquished Creatures
  Crazy Yiuf (D:2)
  Jessica (D:3)
  Ijyb (D:3)
  Natasha (D:2)
  7 gnolls
  3 adders
  An ufetubus (D:2)
  2 worms
  2 dart slugs
  An orc (D:3)
  5 ball pythons
  3 bats
  5 endoplasms
  A giant cockroach (D:2)
  5 goblins
  3 hobgoblins
  A quokka (D:1)
  2 frilled lizards (D:1)
  3 kobolds
  7 rats
55 creatures vanquished.

Table legend:
 A = Non-vault XP
 B = Vault XP
 C = Vault XP percentage of total XP
 D = Non-vault monster count
 E = Vault monster count
 F = Vault count percentage of total count
                 A         B        C        D         E       F
            +---------+---------+-------+---------+---------+-------
      Total |     218 |     147 |  40.3 |      51 |       4 |   7.3
            +---------+---------+-------+---------+---------+-------
        D:1 |      23 |       0 |   0.0 |      14 |       0 |   0.0
        D:2 |     104 |      74 |  41.6 |      21 |       2 |   8.7
        D:3 |      91 |      73 |  44.5 |      16 |       2 |  11.1
            +---------+---------+-------+---------+---------+-------

Illustrated notes

Table legend:
 A = Kills in this place as a percentage of kills in entire the game.
 B = Kills by you in this place as a percentage of kills by you in the entire game.
 C = Kills by friends in this place as a percentage of kills by friends in the entire game.
 D = Other kills in this place as a percentage of other kills in the entire game.
 E = Experience gained in this place as a percentage of experience gained in the entire game.
 F = Experience gained in this place divided by the number of levels of this place that you have seen.
                   A       B       C       D       E      F
               +-------+-------+-------+-------+-------+----------------------
         Total | 100.0 | 100.0 |   N/A |   N/A | 100.0 | 121.7
       Dungeon | 100.0 | 100.0 |   N/A |   N/A | 100.0 | 121.7
               +-------+-------+-------+-------+-------+----------------------

Table legend: (Time is in decaauts)
 A = Elapsed time spent in this place.
 B = Non-inter-level travel time spent in this place.
 C = Inter-level travel time spent in this place.
 D = Time resting spent in this place.
 E = Time spent auto-exploring this place.
 F = Levels seen in this place.
 G = Mean time per level.
                   A        B        C        D        E       F      G
               +--------+--------+--------+--------+--------+-----+--------+
         Total |   4100 |   4035 |     65 |    720 |   2983 |   3 | 1366.7 |
       Dungeon |   4100 |   4035 |     65 |    720 |   2983 |   3 | 1366.7 |
               +--------+--------+--------+--------+--------+-----+--------+

Top non-repeatable levels by time:
     D:2: 1606 daAuts
     D:1: 1313 daAuts
     D:3: 1181 daAuts
